 Seeded DCSS version 0.29.1-13-g9f3cf754e1 (webtiles) character file.

Game seed: 16245865983455551772 (custom seed)

4 OTABOTABOTAB the Shield-Bearer (level 1, 8/11 HPs)
             Began as a Vine Stalker Fighter on Jan 24, 2023.
             Quit the game on level 1 of the Dungeon.
             The game lasted 00:00:45 (232 turns).

OTABOTABOTAB the Shield-Bearer (VSFi)                Turns: 232, Time: 00:00:46

Health: 8/11       AC:  6    Str: 18    XL:     1   Next: 60%
Magic:  1/2        EV:  9    Int:  8    God:
Gold:   1072       SH:  4    Dex: 13    Spells: 0/0 levels left

rFire   . . .      SeeInvis .   a - +0 rapier
rCold   . . .      Faith    .   c - +0 buckler
rNeg    . . .      Spirit   +   b - +0 scale mail
rPois   .          Reflect  .   (no helmet)
rElec   .          Harm     .   (no cloak)
rCorr   .          Rampage  .   (no gloves)
Will    .....                   (no boots)
Stlth   ..........              (no amulet)
HPRegen 0.03/turn               (no ring)
MPRegen 0.08/turn               (no ring)

@: no status effects
A: fangs 2, magic shield, antimagic bite, no potion heal 2
a: no special abilities


You were on level 1 of the Dungeon.
You visited 1 branch of the dungeon, and saw 1 of its levels.

You collected 1072 gold pieces.

Inventory:

Hand Weapons
 a - a +0 rapier (weapon)
Missiles
 s - 5 stones (quivered)
Armour
 b - a +0 scale mail (worn)
 c - a +0 buckler (worn)
Jewellery
 e - the ring of Kiusoq {rPois rF+++ rC++ Dex-3 Slay+4}
   (You acquired it on level 1 of the Dungeon)

   [ring of slaying]

   Dex:       It affects your dexterity (-3).
   Slay:      It affects your accuracy & damage with ranged weapons and melee
   (+4).
   rF:        It renders you almost immune to fire.
   rC:        It greatly protects you from cold.
   rPois:     It protects you from poison.
Scrolls
 d - a scroll of acquirement
Potions
 M - a potion of might


   Skills:
 + Level 2.7 Fighting
 * Level 1.9 Short Blades
 + Level 2.4 Armour
 + Level 2.7 Shields


You couldn't memorise any spells.
You didn't know any spells.
Your spell library was empty.

Dungeon Overview and Level Annotations

Branches:
Dungeon (1/15)

Altars:


Innate Abilities, Weirdness & Mutations

You have extremely sharp teeth.
When hurt, damage is shared between your health and your magic reserves.
Your bite disrupts and absorbs the magic of your enemies.
Potions cannot restore your health.


Message History

Bad channel name for runrest: 'Jiyva says: Divide and consume' Welcome, OTABOTABOTAB the Vine Stalker Fighter.
Game seed: 16245865983455551772 (custom seed)
Found a sling.
Found a staircase leading out of the dungeon.
Found an escape hatch in the floor.
Found an escape hatch in the floor.
A goblin comes into view. It is wielding a +0 dagger.
The goblin shouts!
A quokka comes into view.
The quokka moves out of view.
A goblin is nearby!
The quokka bites you. The goblin barely misses you.
You take 3 damage, and have 8/11 hp.
MASSIVE DAMAGE!!
You closely miss the goblin. Your bite misses the goblin.
The quokka closely misses you. The goblin hits you but does no damage.
The quokka closely misses you.
You closely miss the goblin. Your bite misses the goblin. The quokka bites you.
The goblin hits you with a +0 dagger.
You take 1 damage, and have 7/11 hp.
You now have 1/2 mp.
You barely miss the goblin. You bite the goblin. You drain its power.
You feel invigorated. The quokka barely misses you.
The goblin hits you but does no damage.
MP restored: 2 Unknown command.
You hit the goblin.
You kill the goblin!
The quokka bites you but does no damage.
The quokka bites you.
You take 1 damage, and have 6/11 hp.
You are too injured to fight recklessly!
You are too injured to fight recklessly!
You are too injured to fight recklessly!
Unknown command.
You barely miss the quokka. Your bite misses the quokka. The quokka bites you.
You now have 1/2 mp.
You hit the quokka. You bite the quokka. You drain its power.
You feel invigorated.
The quokka bites you but does no damage. x2
MP restored: 2 You hit the quokka.
You kill the quokka!
s - 6 stones (quivered)
An endoplasm comes into view.
The endoplasm quivers.
You see here 3 scrolls labelled WAC GOIFOFITOUPLEC.
Health restored: 11 You throw a stone.
The stone barely misses the endoplasm.
You hit the endoplasm. Your bite misses the endoplasm.
The endoplasm freezes you.
You are frozen.
You take 3 damage, and have 8/11 hp.
MASSIVE DAMAGE!!
You now have 1/2 mp.
You hit the endoplasm but do no damage. The endoplasm barely misses you.
You barely miss the endoplasm. You bite the endoplasm.
You kill the endoplasm!
No target in view!
d - 3 scrolls labelled WAC GOIFOFITOUPLEC This is a scroll of acquirement!
Something appears at your feet!
You now have 1072 gold pieces.
Something appears at your feet!
e - the ring of Kiusoq {rPois rF+++ rC++ Dex-3 Slay+4}

## #. #.# #
#.######..##
##.##.#.@.......
........#..#....
##.##...#..# .
#...###.#
#...#.#..
#..##.##.#
#..#...#.. ...
##.##...##.## ...
#..#.....#..#....


There were no monsters in sight!

Vanquished Creatures
  An endoplasm (D:1)
  A goblin (D:1)
  A quokka (D:1)
3 creatures vanquished.

Notes
Turn   | Place    | Note
-------+----------+-------------------------------------------
     0 | D:1      | OTABOTABOTAB the Vine Stalker Fighter began the quest for
                  | the Orb.
     0 | D:1      | Reached XP level 1. HP: 11/11 MP: 2/2
   228 | D:1      | Identified 3 scrolls of acquirement
   228 | D:1      | Acquired 1072 gold pieces
   230 | D:1      | Acquired the ring of Kiusoq {rPois rF+++ rC++ Dex-3 Slay+4}
   232 | D:1      | Quit the game

Illustrated notes

Levels and vault maps discovered:
D:1:      minmay_arrival_hallway, layout_loops_corners, basic_ecumenical_altar,
          minmay_unequal

Action                   || total
-------------------------++-------
Melee: Rapier            ||    10
       Bite              ||     3
Throw: Stone             ||     1
  Use: Scroll            ||     2
Armor: Scale mail        ||     5
Dodge: Dodged            ||     5

Table legend: (Time is in decaauts)
 A = Elapsed time spent in this place.
 B = Non-inter-level travel time spent in this place.
 C = Inter-level travel time spent in this place.
 D = Time resting spent in this place.
 E = Time spent auto-exploring this place.
 F = Levels seen in this place.
 G = Mean time per level.
                   A        B        C        D        E       F      G
               +--------+--------+--------+--------+--------+-----+--------+
         Total |    233 |    233 |      0 |      0 |    208 |   1 |  233.0 |
       Dungeon |    233 |    233 |      0 |      0 |    208 |   1 |  233.0 |
               +--------+--------+--------+--------+--------+-----+--------+

Top non-repeatable levels by time:
     D:1: 233 daAuts

Table legend:
 A = Kills in this place as a percentage of kills in entire the game.
 B = Kills by you in this place as a percentage of kills by you in the entire game.
 C = Kills by friends in this place as a percentage of kills by friends in the entire game.
 D = Other kills in this place as a percentage of other kills in the entire game.
 E = Experience gained in this place as a percentage of experience gained in the entire game.
 F = Experience gained in this place divided by the number of levels of this place that you have seen.
                   A       B       C       D       E      F
               +-------+-------+-------+-------+-------+----------------------
         Total | 100.0 | 100.0 |   N/A |   N/A | 100.0 |   6.0
       Dungeon | 100.0 | 100.0 |   N/A |   N/A | 100.0 |   6.0
               +-------+-------+-------+-------+-------+----------------------
